 Dungeon Crawl Stone Soup version 0.20-a0-555-gf6ae02d (webtiles) character file.

63 Asddderdsw the Chiller (level 3, -2/27 HPs)
             Began as a Demigod Ice Elementalist on Feb 3, 2017.
             Slain by a worm (12 damage)
             ... on level 2 of the Dungeon.
             The game lasted 00:07:24 (846 turns).

Asddderdsw the Chiller (Demigod Ice Elementalist)    Turns: 846, Time: 00:07:24

Health: -2/27      AC:  2    Str: 11    XL:     3   Next: 61%
Magic:  8/8        EV: 13    Int: 21    God:
Gold:   55         SH:  0    Dex: 16    Spells: 0/6 levels left

rFire    . . .     SeeInvis .   n - +4 dagger (venom)
rCold    . . .     Gourm    .   a - +0 robe
rNeg     . . .     Faith    .   (no shield)
rPois    .         Spirit   .   (no helmet)
rElec    .         Reflect  .   (no cloak)
rCorr    +         Harm     .   (no gloves)
MR       .....     Rnd*Tele +   (no boots)
Stlth    ++........             (no amulet)
Regen    0.1/turn               k - ring of resist corrosion
                                j - ring of teleportation (curse)

@: no status effects
A: high mp 1
a: no special abilities


You were on level 2 of the Dungeon.
You were not hungry.

You visited 1 branch of the dungeon, and saw 2 of its levels.

You collected 55 gold pieces.

Inventory:

Hand Weapons
 d - a +0 flail
 e - a +0 club
 n - a +4 dagger of venom (weapon)
Missiles
 f - 53 stones (quivered)
Armour
 a - a +0 robe (worn)
Jewellery
 j - a cursed ring of teleportation (left hand)
 k - a ring of resist corrosion (right hand)
Wands
 o - a wand of paralysis (13/24)
Scrolls
 g - a scroll of amnesia
 q - a scroll of teleportation
Potions
 h - a potion of curing {unknown}
 m - 2 potions of agility
 p - a potion of mutation {unknown}
 r - a potion of lignification {unknown}
Books
 b - a book of Frost

   Spells                             Type                      Level
   a - Freeze                         Ice                          1
   b - Throw Frost                    Conjuration/Ice              2
   c - Ozocubu's Armour               Charms/Ice                   3
   d - Throw Icicle                   Conjuration/Ice              4
   e - Summon Ice Beast               Ice/Summoning                4
Comestibles
 c - a bread ration
 i - 8 chunks of flesh
 l - 4 fruits


   Skills:
 + Level 0.5 Fighting
 + Level 0.1 Short Blades
 + Level 0.6 Maces & Flails
 + Level 2.2 Dodging
 + Level 1.9 Stealth
 + Level 2.1 Spellcasting
 + Level 0.8 Conjurations
 + Level 3.4 Ice Magic


You couldn't memorise any spells.
You knew the following spells:

 Your Spells              Type           Power        Failure   Level  Hunger
a - Freeze                Ice            ###.         3%          1    #......
b - Throw Frost           Conj/Ice       ##....       12%         2    ##.....
c - Ozocubu's Armour      Chrm/Ice       #.......     24%         3    ###....


Dungeon Overview and Level Annotations

Branches:
Dungeon (2/15)


Innate Abilities, Weirdness & Mutations

You have an increased reservoir of magic. (+10% MP)


Message History

You hit the kobold.
The kobold is poisoned.
The kobold is severely wounded.
The kobold barely misses you.
A worm comes into view.
You hit the kobold.
You kill the kobold!
The quokka closely misses you.
You hit the quokka.
The quokka is poisoned.
The quokka is almost dead.
The quokka closely misses you.
You closely miss the quokka.
The quokka is almost dead.
You kill the quokka!
The worm bites you!
Things that are here:
a stone; a quokka corpse; a kobold corpse You hit the worm.
The worm is lightly wounded.
The worm bites you!
You die...

.....................#
########.....##.####.#
# ##...###.# # b...<##
#.# . ..##### #.# # #
#.# . #!# #$####.#
#.@ww..# #####..# #


You could see 2 worms.

Vanquished Creatures
  3 gnolls (D:2)
  An adder (D:2)
  A leopard gecko (D:1)
  A giant cockroach (D:2)
  4 goblins
  2 hobgoblins
  3 kobolds
  A quokka (D:2)
  4 bats (D:1)
  4 frilled lizards (D:1)
  4 rats (D:1)
28 creatures vanquished.

Notes
Turn   | Place    | Note
-------+----------+-------------------------------------------
     0 | D:1      | Asddderdsw the Demigod Ice Elementalist began the quest for the Orb.
     0 | D:1      | Reached XP level 1. HP: 14/14 MP: 5/5
   272 | D:1      | Reached skill level 3 in Ice Magic
   272 | D:1      | Reached XP level 2. HP: 15/20 MP: 7/7
   582 | D:1      | Learned a level 2 spell: Throw Frost
   595 | D:1      | Learned a level 2 spell: Throw Frost
   645 | D:2      | Reached XP level 3. HP: 15/27 MP: 5/8
   650 | D:2      | Learned a level 3 spell: Ozocubu's Armour
   846 | D:2      | Slain by a worm

Vault maps used:
D:1:      dpeg_arrival_simpleton_b
D:2:      gammafunk_temple_overflow_elements, serial_bayou_lagoon_a,
          kennysheep_generic_room_11, uniq_terence

Skill      XL: |  1  2 |
---------------+-------+-----
Dodging        | 2 |  2.2
Ice Magic      | 3 |  3.4
Spellcasting   | 2 |  2.1
Fighting       | |  0.5
Short Blades   | |  0.1
Maces & Flails | |  0.6
Stealth        | |  1.9
Conjurations   | |  0.8

Action                   || total
-------------------------++-------
Melee: Club              ||    38
       Unarmed           ||     1
       Dagger            ||    30
 Cast: Freeze            ||    13
  Use: Scroll            ||     5
Armor: Robe              ||    13
Dodge: Dodged            ||    64
